 Dungeon Crawl Stone Soup version 0.22.0-49-gab54619 (webtiles) character file.

164 shmeve the Chopper (level 5, -6/70 HPs)
             Began as a Minotaur Berserker on Sept 8, 2018.
             Was a Believer of Trog.
             Killed by divine providence
             ... invoked by an orc priest
              (15 damage)
             ... on level 2 of the Dungeon.
             The game lasted 00:02:53 (1689 turns).

shmeve the Chopper (Minotaur Berserker)             Turns: 1689, Time: 00:02:54

Health: -6/70      AC:  9    Str: 27    XL:     5   Next: 21%
Magic:  4/4        EV:  9    Int:  4    God:    Trog [**....]
Gold:   121        SH:  0    Dex: 10    Spells: 4/4 levels left

rFire    . . .     SeeInvis .   a - +0 hand axe
rCold    . . .     Gourm    .   (no shield)
rNeg     . . .     Faith    .   m - +0 chain mail
rPois    .         Spirit   .   (helmet restricted)
rElec    .         Reflect  .   (no cloak)
rCorr    .         Harm     .   (no gloves)
MR       ++...                  (no boots)
Stlth    ..........             (no amulet)
HPRegen  1.21/turn              (no ring)
MPRegen  0.09/turn              (no ring)

@: berserking, regenerating, very quick
A: retaliatory headbutt, horns 2
a: Berserk, Trog's Hand, Renounce Religion


You were on level 2 of the Dungeon.
You worshipped Trog.
Trog was pleased with you.
You were near starving.

You visited 1 branch of the dungeon, and saw 2 of its levels.

You collected 121 gold pieces.

Inventory:

Hand Weapons
 a - a +0 hand axe (weapon)
Armour
 m - a +0 chain mail (worn)
Scrolls
 b - a scroll of blinking {unknown}
 d - 2 scrolls of teleportation {unknown}
 f - a scroll of remove curse {unknown}
 j - 3 scrolls of amnesia {unknown}
 k - a scroll of fog {unknown}
Potions
 e - a potion of curing {unknown}
 g - 2 potions of degeneration {unknown}
 h - a potion of haste {unknown}
 i - a potion of agility {unknown}
Comestibles
 c - 3 rations


   Skills:
 * Level 4.8 Fighting
 * Level 4.9 Axes
 + Level 1.5 Throwing
 + Level 3.3 Armour
 + Level 3.0 Dodging


You had 4 spell levels left.
You didn't know any spells.
Your spell library was empty.

Dungeon Overview and Level Annotations

Branches:
Dungeon (2/15)

Altars:


Innate Abilities, Weirdness & Mutations

You reflexively headbutt those who attack you in melee.
You have a pair of horns on your head.


Message History

Beogh smites you!
* * * LOW HITPOINT WARNING * * *
The orc priest looks braver for a moment.
You feel the effects of Trog's Hand fading.
The orc priest closely misses you.
You see here a war axe.
You barely miss the orc priest. You slash the orc priest! You slash the orc!
You kill the orc!
Trog accepts your kill.
The orc priest hits you but does no damage.
You barely miss the orc priest. You slash the orc priest!
You kill the orc priest!
Trog accepts your kill.
You have reached level 5!
The orc priest hits you but does no damage.
You slash the orc priest!
The orc priest is severely wounded.
The orc priest mumbles some strange prayers to Beogh against you.
Beogh smites you!
You die...

...... #.........(
.......##...##..........
....... #...##..........
....... #...##..........
#..... #...##..........
#..... #...##..........
##.....##...##..........
......o......#..........
.......@)....#..........
.......).)...###........
........................
........................
........................
.............###........
.............# #........
.............# #........
############# ######...


You could see an orc priest.

Vanquished Creatures
  An orc priest (D:2)
  Terence (D:2)
  6 adders (D:2)
  2 dart slugs (D:1)
  A leopard gecko (D:2)
  3 orcs (D:2)
  A ball python (D:1)
  A giant cockroach (D:2)
  8 goblins
  3 hobgoblins (D:2)
  6 jackals (D:2)
  8 kobolds
  2 quokkas (D:2)
  A bat (D:2)
  4 rats
48 creatures vanquished.

Notes
Turn   | Place    | Note
-------+----------+-------------------------------------------
     0 | D:1      | shmeve the Minotaur Berserker began the quest for the Orb.
     0 | D:1      | Reached XP level 1. HP: 19/19 MP: 0/0
   210 | D:1      | Reached XP level 2. HP: 17/27 MP: 1/1
  1041 | D:2      | Reached XP level 3. HP: 32/33 MP: 2/2
  1048 | D:2      | Reached ** piety under Trog
  1049 | D:2      | Noticed Terence
  1054 | D:2      | Killed Terence
  1054 | D:2      | Reached skill level 1 in Throwing
  1054 | D:2      | Reached XP level 4. HP: 41/41 MP: 3/3
  1688 | D:2      | Reached XP level 5. HP: 7/47 MP: 4/4
  1689 | D:2      | Killed from afar by an orc priest

Skill      XL: |  1  2  3  4 |
---------------+-------------+-----
Axes           | 4 |  4.9
Fighting       | 4 |  4.8
Throwing       | 1 |  1.5
Armour         | 3 |  3.3
Dodging        | 3 |  3.0

Action                   |  1- 3 |  4- 6 || total
-------------------------+-------+-------++-------
Melee: Hand axe          |    52 |    41 ||    93
       Headbutt          |     8 |     2 ||    10
Invok: Berserk           |     1 |     1 ||     2
       Trog's Hand       |       |     1 ||     1
  Eat: Chunk             |       |     3 ||     3
Armor: Animal skin       |     5 |     2 ||     7
       Chain mail        |       |    28 ||    28
Dodge: Dodged            |    31 |    36 ||    67
